 Dungeon Crawl Stone Soup version 0.31-a0-810-ga77100ea1a (webtiles) character file.

Game seed: 4053243450499536345

214 Shayle the Trooper (level 5, 0/55 HPs)
             Began as an Ogre Hexslinger on Sept 21, 2023.
             Slain by a gnoll
             ... wielding a +0 whip
              (4 damage)
             ... on level 4 of the Dungeon.
             The game lasted 00:09:00 (3168 turns).

Shayle the Trooper (Ogre Hexslinger)                Turns: 3168, Time: 00:09:00

Health: 0/55       AC:  3    Str: 18    XL:     5   Next: 91%
Magic:  10/10      EV: 10    Int: 16    God:
Gold:   219        SH:  0    Dex: 11    Spells: 10/11 levels left

rFire   + . .        p - +3 sling
rCold   . . .        (no shield)
rNeg    . . .        c - +0 robe
rPois   .            (helmet restricted)
rElec   .            (no cloak)
rCorr   .            (gloves unavailable)
SInv    .            (boots unavailable)
Will    .....        (no amulet)
Stlth   +            n - +6 ring of strength
HPRegen 0.29/turn    a - ring of protection from fire
MPRegen 0.12/turn

%: no passive effects
@: no status effects
A: large, unfitting armour, tough skin 1
a: no special abilities


You were on level 4 of the Dungeon.
You visited 1 branch of the dungeon, and saw 4 of its levels.

You collected 219 gold pieces.

Inventory:

Hand Weapons
 p - a +3 sling (weapon)
Armour
 c - a +0 robe (worn)
Jewellery
 a - a ring of protection from fire (right hand)
 n - a +6 ring of strength (left hand)
Talismans
 k - a serpent talisman
Scrolls
 b - 2 scrolls of poison
 d - 2 scrolls of teleportation {unknown}
 e - a scroll of enchant weapon {unknown}
 f - a scroll of amnesia {unknown}
 g - a scroll of revelation {unknown}
 h - 2 scrolls of fog {unknown}
 i - 2 scrolls of identify {unknown}
 m - a scroll of acquirement {unknown}
Potions
 j - 2 potions of magic {unknown}
 l - 2 potions of enlightenment {unknown}
 o - a potion of haste {unknown}
 q - a potion of attraction {unknown}


   Skills:
 + Level 4.4 Fighting
 - Level 1.3 Ranged Weapons
 - Level 1.7 Dodging
 + Level 3.5 Spellcasting
 - Level 2.6 Hexes
 + Level 2.9 Fire Magic


You had 10 spell levels left.
You knew the following spells:

 Your Spells              Type           Power      Damage    Failure   Level
a - Foxfire               Conj/Fire      28%        2x1d5     10%         1

Your spell library contained the following spells:

 Spells                   Type           Power      Damage    Failure   Level
 Jinxbite                 Hex            22%        N/A       9%          2
 Inner Flame              Hex/Fire       11%        N/A       17%         3
 Sigil of Binding         Hex            11%        N/A       19%         3
 Cause Fear               Hex            5%         N/A       52%         4
 Dimensional Bullseye     Hex/Tloc       3%         N/A       71%         4
 Plasma Beam              Fire/Air       3%         2x1d13    100%        6
 Starburst                Conj/Fire      3%         6d3       100%        6


Dungeon Overview and Level Annotations

Branches:
Dungeon (4/15)
 Temple: D:4-7

Altars:
Nemelex Xobeh
Trog

Annotations:
D:1 2 transporters


Innate Abilities, Weirdness & Mutations

You are too large for most types of armour.
You have tough skin. (AC +1)


Message History

The gnoll hits you from afar with a +0 spear.
You shoot a sling bullet.
The sling bullet barely misses the gnoll.
The gnoll barely misses you. The gnoll closely misses you.
You shoot a sling bullet.
The sling bullet barely misses the gnoll.
The gnoll hits you from afar with a +0 spear!
You shoot a sling bullet. The sling bullet hits the gnoll.
The gnoll is lightly wounded.
The gnoll misses you.
You shoot a sling bullet.
The sling bullet barely misses the gnoll.
The gnoll hits you from afar with a +0 spear.
The gnoll closely misses you.
You shoot a sling bullet.
The sling bullet barely misses the gnoll.
The gnoll hits you from afar with a +0 spear.
You are too injured to fight recklessly!
You are too injured to fight recklessly!
You are too injured to fight recklessly!
You are too injured to fight recklessly!
The gnoll hits you with a +0 spear.
You shoot a sling bullet. The sling bullet hits the gnoll.
The gnoll is heavily wounded.
You hear a shout!
The gnoll completely misses you.
You shoot a sling bullet. The sling bullet hits the gnoll.
The gnoll is severely wounded.
The gnoll hits you with a +0 spear.
* * * LOW HITPOINT WARNING * * *
The gnoll barely misses you.
You shoot a sling bullet.
The sling bullet barely misses the gnoll.
The gnoll hits you with a +0 spear!
* * * LOW HITPOINT WARNING * * *
The gnoll hits you from afar with a +0 spear.
* * * LOW HITPOINT WARNING * * *
There is a stone staircase leading up, spattered with blood here.
The gnoll hits you with a +0 whip.
You die...

#......# ##........##.#
#......####.........##.#
#.........#.#...######.#
#......##...#.### #.#
#......###......## #.#
####.####..####..# #.#
#..##g).# ##.## #.#
##...g### #..# #.#
#..@.# ##.# #.#
###...### #g####..
#.......### #.g##...
#....###...######......
.....## ###.....###.....
..### #####.[..#.... ..
####.#....
##########.....#
................


You could see 2 gnolls.

Vanquished Creatures
  2 iguanas
  An orc wizard (D:2)
  2 gnolls (D:4)
  3 adders (D:2)
  A worm (D:2)
  5 orcs
  8 ball pythons
  6 endoplasms
  5 giant cockroaches
  7 goblins
  5 hobgoblins
  11 jackals
  2 quokkas
  8 bats
  6 kobolds
  5 rats
77 creatures vanquished.

Vanquished Creatures (others)
  10 foxfires (D:4)
10 creatures vanquished.

Grand Total: 87 creatures vanquished

Notes
Turn   | Place    | Note
-------+----------+-------------------------------------------
     0 | D:1      | Shayle the Ogre Hexslinger began the quest for the Orb.
     0 | D:1      | Reached XP level 1. HP: 19/19 MP: 2/2
    28 | D:1      | Reached skill level 1 in Fire Magic
    86 | D:1      | Reached XP level 2. HP: 26/28 MP: 4/4
   101 | D:1      | Reached skill level 2 in Fighting
   578 | D:1      | Reached XP level 3. HP: 34/36 MP: 6/6
   966 | D:2      | Reached skill level 3 in Fighting
  1057 | D:2      | Reached XP level 4. HP: 38/45 MP: 7/7
  1413 | D:2      | Reached XP level 5. HP: 24/54 MP: 9/9
  1519 | D:2      | Found a faded altar of an unknown god.
  1674 | D:3      | Found a sparkling altar of Nemelex Xobeh.
  1735 | D:3      | Reached skill level 4 in Fighting
  2219 | D:3      | Found a bloodstained altar of Trog.
  2765 | D:4      | Learned a level 1 spell: Foxfire
  3168 | D:4      | Slain by a gnoll

Illustrated notes

Levels and vault maps discovered:
D:1:      spicycebolla_arrival_transporter_tutorial, layout_loops_ring,
          serial_rivers, chequers_serial_rivers_room_a,
          chequers_serial_rivers_micro_a, chequers_serial_rivers_marsh,
          chequers_serial_rivers_micro_a, chequers_serial_rivers_micro_b,
          serial_park_tiny_pond
D:2:      layout_rooms, shapermc_ecumenical_altar_ellora,
          grunt_decor_one_mirror, serial_bayou_crossing
D:3:      layout_loops_ring, old_standard_altar, lightli_temple_of_fire
D:4:      layout_rooms, zin_purify

Skill      XL: |  1  2  3  4  5 |
---------------+----------------+-----
Fire Magic     | 1 2 |  2.9
Fighting       | 2 3 4 |  4.4
Spellcasting   | 2 3 |  3.5
Ranged Weapons | |  1.3
Dodging        | |  1.7
Hexes          | |  2.6

Action                     |  1- 3 |  4- 6 || total
---------------------------+-------+-------++-------
  Melee: Sling             |       |     1 ||     1
   Fire: Sling             |   132 |   176 ||   308
   Cast: Foxfire           |       |     5 ||     5
 Armour: Robe              |    75 |   119 ||   194
  Dodge: Dodged            |    56 |    87 ||   143

Table legend: (Time is in decaauts)
 A = Elapsed time spent in this place.
 B = Non-inter-level travel time spent in this place.
 C = Inter-level travel time spent in this place.
 D = Time resting spent in this place.
 E = Time spent auto-exploring this place.
 F = Levels seen in this place.
 G = Mean time per level.
                   A        B        C        D        E       F      G
               +--------+--------+--------+--------+--------+-----+--------+
         Total |   3269 |   3173 |     96 |    489 |   1882 |   4 |  817.2 |
       Dungeon |   3269 |   3173 |     96 |    489 |   1882 |   4 |  817.2 |
               +--------+--------+--------+--------+--------+-----+--------+

Top non-repeatable levels by time:
     D:3: 1018 daAuts
     D:1: 926 daAuts
     D:2: 777 daAuts
     D:4: 546 daAuts
